 Dungeon Crawl Stone Soup version 0.30-a0-568-g124715a40b (webtiles) character file.

Game seed: 9308596617758079891

12308 cforsyth the Thaumaturge (level 11, -16/74 HPs)
             Began as a Pale Draconian Conjurer on Dec 29, 2022.
             Was a Believer of Vehumet.
             Demolished by a boulder beetle (43 damage)
             ... on level 11 of the Dungeon.
             The game lasted 00:35:14 (17853 turns).

cforsyth the Thaumaturge (Pale Draconian Conjurer) Turns: 17853, Time: 00:35:15

Health: -16/74     AC: 11    Str: 10    XL:     11   Next: 60%
Magic:  30/35      EV: 19    Int: 23    God:    Vehumet [**....]
Gold:   499        SH:  0    Dex:  9    Spells: 28/33 levels left

rFire   + . .      SeeInvis .    I - staff of conjuration
rCold   + . .      Faith    .    (no shield)
rNeg    . . .      Spirit   .    (body armour unavailable)
rPois   .          Reflect  .    (helmet restricted)
rElec   .          Harm     .    j - scarf {rC+ rF+}
rCorr   .          Rampage  .    g - +0 pair of gloves
Will    .....                    M - +2 pair of boots
Stlth   ++                       (no amulet)
HPRegen 0.32/turn                b - +5 ring of evasion
MPRegen 0.24/turn                y - ring of magical power

@: hasted, very quick
A: breathe steam, AC +7, unfitting armour, cold-blooded, steam resistance
a: Breathe Steam, Renounce Religion


You were on level 11 of the Dungeon.
You worshipped Vehumet.
Vehumet was pleased with you.
You visited 2 branches of the dungeon, and saw 12 of its levels.
You also visited: Bailey.

You collected 646 gold pieces.
You spent 147 gold pieces at shops.

Inventory:

Missiles
 O - a throwing net
Armour
 g - a +0 pair of gloves (worn)
 j - a scarf of resistance (worn)
 M - a +2 pair of boots (worn)
Magical Staves
 I - a staff of conjuration (weapon)
Jewellery
 b - a +5 ring of evasion (left hand)
 y - a ring of magical power (right hand)
 z - a ring of willpower
 H - an amulet of guardian spirit
 J - an amulet of reflection
 L - a ring of willpower
Wands
 h - a wand of light (2)
 r - a wand of digging (8)
 A - a wand of roots (34)
 K - a wand of mindburst (12)
Scrolls
 c - 4 scrolls of amnesia
 d - 2 scrolls of teleportation
 i - 4 scrolls of enchant weapon
 l - 2 scrolls of magic mapping
 m - a scroll of immolation {unknown}
 n - 4 scrolls of fog {unknown}
 p - a scroll of poison
 q - 3 scrolls of silence {unknown}
 s - 7 scrolls of blinking
 u - a scroll of torment
 w - 5 scrolls of vulnerability {unknown}
 B - 3 scrolls of enchant armour {unknown}
 F - 2 scrolls of fear {unknown}
 G - 3 scrolls of noise {unknown}
Potions
 a - a potion of magic
 e - a potion of cancellation
 f - a potion of curing
 k - 4 potions of flight
 o - 2 potions of heal wounds
 t - 2 potions of lignification
 x - a potion of invisibility
 C - 2 potions of might
 D - 2 potions of ambrosia
 E - a potion of attraction
 N - a potion of berserk rage {unknown}
 P - a potion of mutation {unknown}
 Q - a potion of degeneration {unknown}


   Skills:
 - Level 8.1 Dodging
 - Level 1.7 Stealth
 + Level 11.8 Spellcasting
 + Level 10.2 Conjurations
 - Level 5.0 Hexes


You had 28 spell levels left.
You knew the following spells:

 Your Spells              Type           Power      Damage    Failure   Level
a - Magic Dart            Conj           100%       1d8       1%          1
b - Fulminant Prism       Conj/Hex       32%        3d16      1%          4

Your spell library contained the following spells:

 Spells                   Type           Power      Damage    Failure   Level
 Hailstorm                Conj/Ice       53%        3d12      1%          3
 Searing Ray              Conj           100%       2d8       1%          2
 Dazzling Flash           Conj/Hex       100%       N/A       1%          3
 Tukima's Dance           Hex            36%        N/A       1%          3
 Iskenderun's Battlesphe  Conj           74%        2d12      1%          5
 Mephitic Cloud           Conj/Pois/Air  43%        N/A       3%          3
 Beastly Appendage        Tmut           26%        N/A       4%          1
 Sting                    Tmut/Pois      52%        1d5       4%          1
 Portal Projectile        Hex/Tloc       50%        N/A       4%          3
 Iskenderun's Mystic Bla  Conj/Tloc      53%        2d11      6%          4
 Cigotuvi's Dreadful Rot  Necr/Pois/Air  26%        N/A       7%          2
 Poisonous Vapours        Pois/Air       26%        N/A       7%          2
 Wereblood                Tmut           13%        N/A       7%          2
 Spider Form              Tmut/Pois      13%        N/A       14%         3
 Fireball                 Conj/Fire      26%        3d12      16%         5
 Olgreb's Toxic Radiance  Pois           13%        N/A       43%         4
 Yara's Violent Unravell  Hex/Tmut       12%        3d7       43%         5
 Orb of Destruction       Conj           37%        9d11      52%         7
 Conjure Ball Lightning   Conj/Air       26%        3x3d8     65%         6
 Blade Hands              Tmut           6%         N/A       78%         5
 Enfeeble                 Hex            18%        N/A       99%         7


Dungeon Overview and Level Annotations

Branches:
Dungeon (11/15)            Temple (1/1) D:6            Lair (0/5) D:9
    Orc (0/2) D:9          Bailey (visited)

Altars:
Ashenzari
Cheibriados
Dithmenos
Elyvilon
Fedhas
Gozag
Hepliaklqana
Kikubaaqudgha
Makhleb
Nemelex Xobeh
Okawaru
Qazlal
Ru
Sif Muna
Trog
Uskayaw
Vehumet
Wu Jian
Xom
Yredelemnul
Zin
The Shining One

Shops:
D:1 ?   D:5 [((=   D:7 [

Annotations:
D:5 1 runed translucent door, drugrobin's ghost, weakling DgDe
D:9 Amaemon


Innate Abilities, Weirdness & Mutations

You can breathe blasts of scalding, opaque steam.
Your pale cyan-grey scales are hard. (AC +7)
You cannot fit into any form of body armour.
You are cold-blooded and may be slowed by cold attacks.
You are immune to the effects of steam.


Message History

You conjure a prism of explosive energy!
A fulminant prism comes into view.
The troll bites you! The troll misses you. The troll claws you!
You feel a surge of power!
The magic dart hits the troll.
The troll is heavily wounded.
The boulder beetle leaps!
The troll bites you. The troll misses you. The troll closely misses you.
Your fulminant prism crackles loudly.
You feel a surge of power!
The magic dart hits the troll but does no damage.
The troll is moderately wounded.
The troll completely misses you. The troll claws you!
The troll closely misses you.
Your fulminant prism explodes!
The blast of energy engulfs the troll!!
You kill the troll!
Vehumet accepts your kill.
You feel your power returning.
The troll leather armour is intact enough to wear.
You hear a shout! x2
The boulder beetle curls into a ball and begins rolling!
Unknown command.
A troll comes into view.
Found a plate armour.
The troll shouts!
The boulder beetle hits you but does no damage.
The boulder beetle stops rolling and uncurls.
The boulder beetle attacks as you move away!
The boulder beetle completely misses you.
The troll completely misses you. The troll closely misses you.
The troll claws you but does no damage.
The boulder beetle curls into a ball and begins rolling!
The troll attacks as you move away! The troll completely misses you.
The troll claws you. The troll closely misses you.
Found a sling.
The troll attacks as you move away! The troll bites you.
The troll completely misses you. The troll claws you.
You feel yourself speed up. The troll closely misses you.
The troll claws you but does no damage. x2; The boulder beetle hits you!!!
Ouch! That really hurt!
You die...

*********#######*****************
,,,,,,,,,.......*,,,,,,,,,,#.....
,,,,,,,,,.......*,,,,,,,,,,#.....
,,,,,,,,,.......*,,,,,>,,,,#.....
,,,^,,,,,.......*######*..,*#...#
,,,,,,,,,.......##....##..,##...#
,,,,,,,,,........B........,#.....
********,.......@T○.......,#.....
,,,,,,**,.)####+##°...#######....
,,,,,,*,,,,**,,,*#○...##...##....
,,,,,,,*,,,*#..,*#°...##....#....
,,,,,*,,,,,*#...##....##...##...#
,,,,*,*,,,,#..........#...(##...#
,,,*,∩,*,,,#..........#..........
,,,,*,*,,,,#..........#..........
,,,,,*,,,,,#[........['..........


You could see a boulder beetle (rolling) and a troll.

Vanquished Creatures
  2 two-headed ogres (D:9)
  A boulder beetle (D:7)
  A centaur warrior (D:8)
  Nergalle (D:10)
  An orc knight (Bailey)
  2 deep elf pyromancers
  2 polar bears (D:8)
  2 trolls
  A hornet (D:8)
  Grinder (D:3)
  Sigmund (D:6)
  A shadow (D:10)
  5 wyverns
  11 yaks
  A steam dragon (D:8)
  3 vampire mosquitoes (D:10)
  3 water moccasins (D:7)
  8 orc warriors
  An ice beast (D:6)
  2 sky beasts
  A black bear (D:7)
  3 centaurs
  3 ogres (D:5)
  3 kobold brigands
  A phantom (D:7)
  3 necrophages
  A bullfrog (D:9)
  A gnoll sergeant (D:9)
  A scorpion (D:6)
  7 killer bees
  2 howler monkeys
  An electric eel (D:8)
  3 jellies
  2 gnoll boudas
  3 orc priests (D:7)
  A hound (D:6)
  2 iguanas
  4 orc wizards
  5 adders
  19 gnolls
  A shadow imp (D:6)
  5 white imps
  A howler monkey simulacrum (D:8)
  7 ufetubi
  2 worms
  2 dart slugs
  25 orcs
  2 bats
  7 endoplasms
  A giant cockroach (D:1)
  4 goblins
  3 hobgoblins
  2 jackals (D:3)
  6 quokkas
  12 ball pythons
  4 frilled lizards
  12 kobolds
  2 rats
214 creatures vanquished.

Vanquished Creatures (others)
  128 fulminant prisms
  6 plants (D:1)
134 creatures vanquished.

Grand Total: 348 creatures vanquished

Notes
Turn   | Place    | Note
-------+----------+-------------------------------------------
     0 | D:1      | cforsyth the Draconian Conjurer began the quest for the
                  | Orb.
     0 | D:1      | Reached XP level 1. HP: 14/14 MP: 3/3
   284 | D:1      | Reached XP level 2. HP: 20/20 MP: 0/5
   634 | D:1      | Found Aptept's Magic Scroll Shop.
  1176 | D:2      | Found a glowing golden altar of the Shining One.
  1248 | D:2      | Reached XP level 3. HP: 26/26 MP: 4/7
  1382 | D:2      | Reached skill level 3 in Spellcasting
  1891 | D:2      | Reached XP level 4. HP: 33/33 MP: 1/8
  2832 | D:2      | Reached skill level 5 in Conjurations
  4291 | D:3      | Noticed Grinder
  4293 | D:3      | Paralysed by Grinder for 4 turns
  4299 | D:3      | Paralysed by Grinder for 2 turns
  4308 | D:3      | Paralysed by Grinder for 5 turns
  4741 | D:3      | Killed Grinder
  4742 | D:3      | Reached skill level 4 in Spellcasting
  4742 | D:3      | Reached XP level 5. HP: 29/38 MP: 1/11
  4742 | D:3      | Reached XP level 6. HP: 34/45 MP: 1/12
  5000 | D:1      | Bought a scroll of teleportation for 42 gold pieces
  5000 | D:1      | Bought a scroll of blinking for 105 gold pieces
  5491 | D:4      | Identified the +5 quarterstaff of Uskayaw's Esteem {flame,
                  | rF+ Int-3 Dex+3}
  5782 | D:5      | Entered Level 5 of the Dungeon
  6044 | D:5      | Found Caevutse's Weapon Boutique.
  6112 | D:5      | Found a runed translucent door.
  6155 | D:5      | Noticed drugrobin's ghost (weakling DgDe)
  6177 | D:5      | Found Otol's Jewellery Emporium.
  6239 | D:5      | Found Kaujac's Weapon Shop.
  6261 | D:5      | Reached skill level 5 in Spellcasting
  6278 | D:5      | Your scales start taking on a pale cyan-grey colour.
  6278 | D:5      | Reached XP level 7. HP: 24/50 MP: 13/14
  6278 | D:5      | Gained mutation: You are immune to the effects of steam.
                  | [Pale Draconian growth]
  6471 | D:5      | Found a snail-covered altar of Cheibriados.
  6672 | D:5      | Found Suateit's Antique Armour Boutique.
  7429 | D:6      | Noticed Sigmund
  7447 | D:6      | Killed Sigmund
  7448 | D:6      | Reached skill level 6 in Spellcasting
  7448 | D:6      | Reached skill level 1 in Hexes
  7448 | D:6      | Reached XP level 8. HP: 56/57 MP: 13/17
  8009 | D:6      | Found a staircase to the Ecumenical Temple.
  8020 | Temple   | Entered the Ecumenical Temple
  8045 | Temple   | Became a worshipper of Vehumet
  8819 | D:7      | Reached skill level 7 in Spellcasting
  9131 | D:8      | Found an opulent altar of Gozag.
  9768 | D:8      | Reached XP level 9. HP: 62/62 MP: 19/19
  9777 | D:8      | Learned a level 4 spell: Fulminant Prism
 10136 | D:7      | Reached skill level 5 in Dodging
 10230 | D:7      | Found Miomer's Armour Emporium.
 10648 | D:7      | Found a hazy altar of Hepliaklqana.
 10649 | D:7      | Found a shimmering altar of Xom.
 10650 | D:7      | Noticed a spectral ugly thing
 10797 | D:8      | Reached * piety under Vehumet
 10797 | D:8      | Offered knowledge of Kiss of Death by Vehumet.
 10802 | D:8      | Noticed a polar bear
 11001 | D:7      | Reached skill level 5 in Hexes
 11466 | D:8      | Reached skill level 8 in Spellcasting
 11766 | D:8      | Killed a polar bear
 12157 | D:8      | Noticed a deep elf pyromancer
 12176 | D:8      | Noticed a centaur warrior
 12721 | D:8      | Reached skill level 9 in Spellcasting
 12721 | D:8      | Reached XP level 10. HP: 69/69 MP: 14/23
 13078 | D:8      | Noticed a boulder beetle
 13094 | D:9      | Noticed Amaemon
 13094 | D:9      | Noticed an orange demon
 13094 | D:9      | Found a staircase to the Orcish Mines.
 13469 | D:8      | Killed a deep elf pyromancer
 13673 | D:8      | Killed a centaur warrior
 14342 | D:7      | Killed a boulder beetle
 14343 | D:7      | Reached skill level 10 in Spellcasting
 14793 | D:9      | Found a staircase to the Lair.
 14893 | D:9      | Noticed a +0 dagger
 14894 | D:9      | Noticed a +0 falchion
 14894 | D:9      | Noticed a +0 falchion
 14896 | D:9      | Noticed a +0 short sword
 14896 | D:9      | Noticed a +0 dagger
 14896 | D:9      | Noticed a +0 spear
 14898 | D:9      | Noticed a +0 spear
 14899 | D:9      | Noticed a +0 short sword
 14916 | D:9      | Found a hide-covered altar of Uskayaw.
 15379 | D:9      | Noticed a two-headed ogre
 15389 | D:9      | Killed a two-headed ogre
 15563 | D:9      | Found a sacrificial altar of Ru.
 15677 | D:9      | Noticed a two-headed ogre
 15683 | D:9      | Killed a two-headed ogre
 15684 | D:9      | Reached XP level 11. HP: 62/74 MP: 25/25
 16049 | D:9      | Reached ** piety under Vehumet
 16049 | D:9      | Offered knowledge of Foxfire by Vehumet.
 16073 | D:10     | Entered Level 10 of the Dungeon
 16084 | D:10     | Noticed Nergalle
 16097 | D:10     | Killed Nergalle
 16129 | D:10     | Found a flagged portal.
 16138 | Bailey   | Entered a bailey
 16192 | Bailey   | Reached skill level 11 in Spellcasting
 16290 | Bailey   | Noticed an orc knight
 16298 | Bailey   | Killed an orc knight
 16630 | Bailey   | Found a large runed translucent door.
 16630 | Bailey   | Found a large runed translucent door.
 16642 | Bailey   | Noticed a deep elf pyromancer
 16728 | Bailey   | Killed a deep elf pyromancer
 17354 | D:10     | Offered knowledge of Hailstorm by Vehumet.
 17358 | D:10     | Reached skill level 10 in Conjurations
 17534 | D:10     | Found an ornate altar of the Wu Jian Council.
 17836 | D:11     | Noticed a boulder beetle
 17853 | D:11     | Demolished by a boulder beetle

Illustrated notes

Levels and vault maps discovered:
D:1:      evilmike_arrival_grusome_pit, layout_rooms, serial_forest,
          infiniplex_forest_clump_curved, infiniplex_forest_corner_1,
          infiniplex_forest_clump_diagonal, infiniplex_forest_straight_1,
          infiniplex_forest_zigzag_1, serial_shops,
          nicolae_shop_temple_entry_statues_fountains
D:2:      layout_basic, basic_altar
D:3:      layout_loops_cross, uniq_grinder
D:4:      layout_gridville, due_unseen_surprise
D:5:      layout_basic, cheibrodos_worm_habitat, serial_shops, shop, shop,
          nicolae_shop_bloodbath_and_beyond, nicolae_shop_advertising_works
          [nicolae_subvault_shop_adworks], ebering_ghost_sewer_d
D:6:      layout_loops_cross, minmay_temple_entry_statues_pillars, uniq_sigmund
D:7:      layout_loops_corners, regret_index_temple_of_mockery, serial_shops,
          kennysheep_mini, amcnicky_mini_pool_small, roderic_st_hans_cross
D:8:      minmay_chambers_of_sixes, layout_basic, lemuel_tele_altar, serial_ice,
          serial_ice_k, serial_ice_o, serial_ice_m, serial_ice_h, serial_ice_b,
          serial_ice_n, serial_ice_d, st_stairs_7
D:9:      layout_roguey, nicolae_uskayaw_en_pointe, hangedman_ru_absence,
          lair_entry_dummy, orc_0_dummy, uniq_amaemon
D:10:     layout_small_grid, lemuel_coloured_pillars_altar, enter_bailey_2,
          uniq_nergalle
D:11:     layout_gridville, portal_ice_cave_entry_pillars_2,
          minmay_misc_feat_five
Temple:   hellmonk_temple_two_chambers

Skill      XL: |  1  2  3  4  5  6  7  8  9 10 11 |
---------------+----------------------------------+-----
Spellcasting   | 3 4 5 6 7 9 10 11 | 11.8
Conjurations   | 6 7 8 10 | 10.2
Dodging        | 2 4 7 8 |  8.1
Hexes          | 1 4 5 |  5.0
Stealth        | |  1.7

Action                   |  1- 3 |  4- 6 |  7- 9 | 10-12 || total
-------------------------+-------+-------+-------+-------++-------
Melee: Unarmed           |     8 |       |     1 |     1 ||    10
       Tailslap          |     3 |       |       |       ||     3
 Cast: Magic Dart        |   101 |   110 |   381 |   131 ||   723
       Fulminant Prism   |       |       |    26 |   102 ||   128
 Abil: Breathe Steam     |       |       |     2 |    10 ||    12
Evoke: Wand              |       |       |     3 |     7 ||    10
  Use: Potion            |       |     2 |     1 |     1 ||     4
       Scroll            |       |     7 |     3 |    10 ||    20
Armor: Skin              |     7 |     6 |    57 |    41 ||   111
Dodge: Dodged            |    17 |    27 |   197 |   137 ||   378

Table legend: (Time is in decaauts)
 A = Elapsed time spent in this place.
 B = Non-inter-level travel time spent in this place.
 C = Inter-level travel time spent in this place.
 D = Time resting spent in this place.
 E = Time spent auto-exploring this place.
 F = Levels seen in this place.
 G = Mean time per level.
                   A        B        C        D        E       F      G
               +--------+--------+--------+--------+--------+-----+--------+
         Total |  17897 |  17310 |    587 |   4986 |   9868 |  13 | 1376.7 |
       Dungeon |  17157 |  16579 |    578 |   4611 |   9710 |  11 | 1559.7 |
        Temple |     34 |     25 |      9 |      0 |     10 |   1 |   34.0 |
        Bailey |    705 |    705 |      0 |    375 |    148 |   1 |  705.0 |
               +--------+--------+--------+--------+--------+-----+--------+

Top non-repeatable levels by time:
     D:8: 3378 daAuts
     D:7: 2841 daAuts
     D:2: 2826 daAuts
     D:5: 1700 daAuts
     D:9: 1183 daAuts
     D:1: 1173 daAuts
     D:6: 1094 daAuts
     D:3: 1037 daAuts
    D:10: 992 daAuts
     D:4: 848 daAuts
  Bailey: 705 daAuts
    D:11: 80 daAuts
  Temple: 34 daAuts
